 Dungeon Crawl Stone Soup version 0.26-a0-976-gd3b5134375 (webtiles) character file.

Game seed: 8539356559814775878

0 Gargoyl the Skirmisher (level 1, 0/23 HPs)
             Began as a Gnoll Abyssal Knight on Dec 5, 2020.
             Was a Follower of Lugonu.
             Slain by a demonic crawler (9 damage)
             ... on level 1 of the Abyss.
             The game lasted 00:00:33 (196 turns).

Gargoyl the Skirmisher (Gnoll Abyssal Knight)        Turns: 196, Time: 00:00:34

Health: 0/23       AC:  3    Str: 14    XL:     1   Next: 0%
Magic:  3/3        EV: 12    Int: 14    God:    Lugonu [*.....]
Gold:   17         SH:  0    Dex: 14    Spells: 0/0 levels left

rFire    . . .     SeeInvis .   a - +1 hand axe
rCold    . . .     Faith    .   (no shield)
rNeg     . . .     Spirit   .   b - +0 leather armour
rPois    .         Reflect  .   (no helmet)
rElec    .         Harm     .   (no cloak)
rCorr    .         Rampage  .   (no gloves)
MR       .....                  (no boots)
Stlth    +.........             (no amulet)
HPRegen  0.07/turn              (no ring)
MPRegen  0.08/turn              (no ring)

@: no status effects
A: distributed training, fangs 1, strong nose
a: Depart the Abyss, Renounce Religion


You were on level 1 of the Abyss.
You worshipped Lugonu.
Lugonu was aware of your devotion.
You visited 0 branches of the dungeon, and saw 0 of its levels.
You visited the Abyss 1 time.

You collected 17 gold pieces.

Inventory:

Hand Weapons
 a - a +1 hand axe (weapon)
Armour
 b - a +0 leather armour (worn)


   Skills:
 + Level 6.4 Fighting
 + Level 0.0 Short Blades
 + Level 0.0 Long Blades
 + Level 4.4 Axes
 + Level 0.0 Maces & Flails
 + Level 0.0 Polearms
 + Level 0.0 Staves
 + Level 0.0 Slings
 + Level 0.0 Bows
 + Level 0.0 Crossbows
 + Level 0.0 Throwing
 + Level 4.4 Armour
 + Level 2.3 Dodging
 + Level 0.0 Stealth
 + Level 0.0 Shields
 + Level 0.0 Unarmed Combat
 + Level 0.0 Spellcasting
 + Level 0.0 Conjurations
 + Level 0.0 Hexes
 + Level 0.0 Summonings
 + Level 0.0 Necromancy
 + Level 0.0 Translocations
 + Level 0.0 Transmutations
 + Level 0.0 Fire Magic
 + Level 0.0 Ice Magic
 + Level 0.0 Air Magic
 + Level 0.0 Earth Magic
 + Level 0.0 Poison Magic
 + Level 4.4 Invocations
 + Level 0.0 Evocations


You couldn't memorise any spells.
You didn't know any spells.
Your spell library was empty.

Dungeon Overview and Level Annotations

Branches:
Dungeon (0/15)

Altars:


Innate Abilities, Weirdness & Mutations

Your experience applies equally to all skills.
You have very sharp teeth.
Your uncanny sense of smell can sniff out nearby items.


Message History

A starspawn tentacle comes into view.
Found 9 gold pieces.
You see here 9 gold pieces.
You now have 17 gold pieces (gained 9).
A tentacle flies out from the starspawn's body!
A starspawn tentacle comes into view.
An iron imp comes into view.
Tentacles burst from the starspawn's body! 2 starspawn tentacles come into view.
The starspawn tentacle barely misses you.
A tentacle flies out from the starspawn's body!
A starspawn tentacle comes into view.
A demonic crawler comes into view.
The demonic crawler gives a hideous shriek!
A spatial vortex comes into view.
The demonic crawler hits you! The demonic crawler hits you.
The demonic crawler closely misses you.
The spatial vortex moves out of view.
Unknown command.
The demonic crawler hits you!
You die...

#.#. . #.. ##.#......
. ∆ #...## # .## #####
..#.#. .... .
#.....##.#.## #..#
##.## #X#..#.#. #...#
#.....#.w#..#.###....#
##.#..#.#......#..
#..##...##.#@#.#
#.##.....#.##.s#
....#...##..#.#..# #
#....#..#..####.#
#.#.##. ..##.# #.. #
#. #.....#.# #..# # .
#.#.#..#.# ... ##
##....## . .# .. .. #
#


You could see a demonic crawler.

Vanquished Creatures (others)
  8 starspawn tentacles (Abyss:1)
8 creatures vanquished.

Notes
Turn   | Place    | Note
-------+----------+-------------------------------------------
     0 | Abyss:1  | Gargoyl the Gnoll Abyssal Knight began the quest for the
                  | Orb.
     0 | Abyss:1  | Reached XP level 1. HP: 23/23 MP: 3/3
    42 | Abyss:1  | Found a corrupted altar of Lugonu.
    72 | Abyss:1  | Found a corrupted altar of Lugonu.
   143 | Abyss:1  | Noticed a tentacled starspawn
   155 | Abyss:1  | Noticed an iron imp
   194 | Abyss:1  | Noticed a demonic crawler
   195 | Abyss:1  | Noticed a spatial vortex
   196 | Abyss:1  | Slain by a demonic crawler

Illustrated notes

Levels and vault maps discovered:
Abyss:1:  base: Temple, base: Temple, minivault_11

Action                   || total
-------------------------++-------
  Use: Scroll            ||     2
Dodge: Dodged            ||     2

Table legend: (Time is in decaauts)
 A = Elapsed time spent in this place.
 B = Non-inter-level travel time spent in this place.
 C = Inter-level travel time spent in this place.
 D = Time resting spent in this place.
 E = Time spent auto-exploring this place.
 F = Levels seen in this place.
 G = Mean time per level.
                   A        B        C        D        E       F      G
               +--------+--------+--------+--------+--------+-----+--------+
         Total |    196 |    196 |      0 |      0 |    141 |   1 |  196.0 |
         Abyss |    196 |    196 |      0 |      0 |    141 |   1 |  196.0 |
               +--------+--------+--------+--------+--------+-----+--------+

Top non-repeatable levels by time:
 Abyss:1: 196 daAuts
